 Dungeon Crawl Stone Soup version 0.18.1-6-gd335043 (webtiles) character file.

3697 Hipnos the Ducker (level 9, -7/68 HPs)
             Began as a Demonspawn Fighter on May 17, 2016.
             Was a Follower of Qazlal.
             Mangled by a yak (9 damage)
             ... on level 8 of the Dungeon on May 18, 2016.
             The game lasted 00:19:12 (6129 turns).

Hipnos the Ducker (Demonspawn Fighter)              Turns: 6129, Time: 00:19:13

Health: -7/68      AC: 15    Str: 24    XL:     9   Next: 90%
Magic:  0/11       EV: 12    Int: 10    God:    Qazlal [*.....]
Gold:   429        SH: 13    Dex:  9    Spells: 0 memorised, 8 levels left

rFire  + . .     SeeInvis .     e - +0 mace (protect)
rCold  . . .     Gourm    .     G - +0 leather armour (curse)
rNeg   . . .     Faith    .     c - +0 shield
rPois  .         Spirit   +     (helmet restricted)
rElec  .         Dismiss  .     p - +0 cloak
rCorr  .         Reflect  .     j - +0 pair of gloves
SustAt .         Harm     .     (no boots)
MR     +....     Clarity  +     (no amulet)
Stlth  +.........               u - ring of protection from magic
                                B - ring of protection from fire

@: mighty, somewhat resistant to hostile enchantments, very unstealthy
A: beak, iridescent scales 1, clarity, clumsy 2, deterioration 1, low mp 1,
sense surroundings 1, screaming 1, spiny 1, magic shield
a: Renounce Religion


You were on level 8 of the Dungeon.
You worshipped Qazlal.
Qazlal was aware of your devotion.
You were hungry.

You visited 2 branches of the dungeon, and saw 10 of its levels.

You collected 429 gold pieces.

Inventory:

Hand Weapons
 a - a +0 flail
 e - a +0 mace of protection (weapon)
Armour
 b - a +0 scale mail
 c - a +0 shield (worn)
 j - a +0 pair of gloves (worn)
 p - a +0 cloak (worn)
 s - a +0 robe
 G - a cursed +0 leather armour (worn)
Magical Staves
 R - an uncursed staff of power
Jewellery
 k - an uncursed ring of stealth
 u - a ring of protection from magic (right hand)
 v - an uncursed ring of positive energy
 B - a ring of protection from fire (left hand)
 K - an uncursed ring of stealth
Wands
 w - a wand of slowing (2/48)
 y - a wand of iceblast (13/15)
 z - a wand of disintegration (9/24)
 I - a wand of flame (21/48)
 O - a wand of paralysis (15/24)
 P - a wand of random effects (23/48)
Scrolls
 h - 4 scrolls of remove curse
 l - 2 scrolls of noise
 m - 5 scrolls of enchant armour {unknown}
 n - 4 scrolls of magic mapping {unknown}
 o - 2 scrolls of amnesia
 q - a scroll of recharging {unknown}
 E - 2 scrolls of random uselessness {unknown}
 H - a scroll of acquirement {unknown}
 L - 3 scrolls of teleportation
 M - a scroll of vulnerability {unknown}
 N - 2 scrolls of enchant weapon {unknown}
 S - a scroll of identify
Potions
 d - a potion of might
 g - 6 potions of curing
 r - 2 potions of agility
 t - 2 potions of lignification
 D - a potion of berserk rage
 F - 3 potions of degeneration
Books
 J - a book of Misfortune

   Spells                             Type                      Level
   a - Confusing Touch                Hexes                        2
   b - Confuse                        Hexes                        3
   c - Gell's Gravitas                Hexes/Translocation          3
   d - Petrify                        Transmutation/Earth          4
   e - Metabolic Englaciation         Hexes/Ice                    5
   f - Yara's Violent Unravelling     Hexes/Transmutation          5
Comestibles
 f - 7 bread rations
 i - 2 meat rations
 x - a beef jerky
 A - a slice of pizza
 C - 3 fruits
 Q - 2 chunks of flesh


   Skills:
 + Level 5.1 Fighting
 * Level 6.3 Maces & Flails
 + Level 4.5 Armour
 + Level 7.0 Dodging
 + Level 7.0 Shields
 * Level 4.3 Invocations


You had 8 spell levels left.
You didn't know any spells.

Dungeon Overview and Level Annotations

Branches:
Dungeon (9/15)             Temple (1/1) D:7
   Lair: D:8-11         Orc: D:9-12

Altars:
Ashenzari
Cheibriados
Elyvilon
Fedhas
Gozag
Kikubaaqudgha
Makhleb
Nemelex Xobeh
Okawaru
Pakellas
Qazlal
Ru
Sif Muna
Trog
Vehumet
Xom
Yredelemnul
Zin
The Shining One


Innate Abilities, Weirdness & Mutations

You are partially covered in iridescent scales (AC +4).
You are partially covered in sharp spines.
When hurt, damage is shared between your health and your magic reserves.
You have a beak for a mouth.
You possess an exceptional clarity of mind.
You are very clumsy. (Dex -4)
Your body sometimes deteriorates upon taking damage.
Your magical capacity is low (-10% MP).
You passively map a small area around you.
You occasionally shout uncontrollably at your foes.


Message History

The yak is almost dead.
You block the centaur zombie's attack. You block the yak's attack.
The centaur zombie hits you but does no damage.
You sock the yak! You peck the yak, but do no damage.
The yak is almost dead.
You block the centaur zombie's attack. The yak gores you!
* * * LOW HITPOINT WARNING * * *
Drink which item? (? for menu, Esc to quit)
You feel very mighty all of a sudden. You block the centaur zombie's attack.
The yak gores you!
* * * LOW HITPOINT WARNING * * *
You barely miss the yak.
The yak is almost dead.
You block the centaur zombie's attack. The yak completely misses you.
The centaur zombie is struck by your spines.
The centaur zombie hits you but does no damage.
You completely miss the yak. Your peck misses the yak.
The yak is almost dead.
The yak gores you!
You die...

#.#.###
##########.#...##
#...............#
#.#########.>...#
#.# #.....# #.#
##...## ####.#
##.## #....# #Y#
#....## #@#
......##########Z#
.................#
......############
#..<### #...#
...## ####


You could see a yak and a centaur zombie.

Vanquished Creatures
  Joseph (D:7)
  3 yaks (D:8)
  A hippogriff (D:8)
  A hungry ghost (D:8)
  Duvessa (D:7)
  An orc warrior (D:7)
  5 ogres
  2 sky beasts
  A phantom (D:8)
  A big kobold (D:7)
  4 giant frogs
  Dowan (D:7)
  A water moccasin zombie (D:5)
  A water moccasin skeleton (D:5)
  2 scorpions
  3 killer bees (D:7)
  A howler monkey (D:5)
  2 crimson imps
  3 hounds
  2 orc priests
  2 jellies
  A centaur skeleton (D:6)
  2 iguanas
  Natasha (thrice) (D:3)
  3 orc wizards
  3 worker ants
  A killer bee zombie (D:7)
  A hound skeleton (D:4)
  A howler monkey skeleton (D:5)
  11 gnolls
  13 adders
  2 shadow imps
  3 adder zombies
  An adder skeleton (D:4)
  5 worms
  8 giant geckos
  10 orcs
  7 giant cockroaches
  9 hobgoblins
  7 jackals
  6 quokkas
  A ball python (D:2)
  15 bats
  A giant gecko zombie (D:5)
  3 giant newts
  10 goblins
  16 kobolds
  A quokka skeleton (D:5)
  4 rats
187 creatures vanquished.

Vanquished Creatures (others)
  A deep elf knight (D:2)
1 creature vanquished.

Grand Total: 188 creatures vanquished

Notes
Turn   | Place    | Note
--------------------------------------------------------------
     0 | D:1      | Hipnos the Demonspawn Fighter began the quest for the Orb.
     0 | D:1      | Reached XP level 1. HP: 18/18 MP: 1/1
   184 | D:1      | Gained mutation: You are partially covered in sharp spines. [demonic ancestry]
   184 | D:1      | Reached XP level 2. HP: 24/24 MP: 2/2
   686 | D:2      | Reached XP level 3. HP: 12/29 MP: 3/3
  1129 | D:2      | Found an oddly glowing altar of Pakellas.
  1130 | D:2      | Noticed a deep elf knight
  1135 | D:2      | Killed a deep elf knight
  1186 | D:2      | Found a basalt altar of Yredelemnul.
  1230 | D:2      | Found a glowing golden altar of the Shining One.
  1291 | D:2      | Gained mutation: You are partially covered in iridescent scales (AC +4). [demonic ancestry]
  1291 | D:2      | Reached XP level 4. HP: 34/35 MP: 4/4
  1826 | D:3      | Noticed Natasha
  1838 | D:3      | Killed Natasha
  1838 | D:3      | Reached skill level 1 in Dodging
  1859 | D:3      | Noticed Natasha
  1870 | D:3      | Killed Natasha
  1870 | D:3      | Reached XP level 5. HP: 29/42 MP: 5/5
  2081 | D:3      | Noticed Natasha
  2090 | D:3      | Killed Natasha
  2533 | D:4      | Reached XP level 6. HP: 48/48 MP: 6/6
  3150 | D:5      | Entered Level 5 of the Dungeon
  3227 | D:5      | Gained mutation: When hurt, damage is shared between your health and your magic reserves. [demonic ancestry]
  3227 | D:5      | Reached XP level 7. HP: 48/54 MP: 7/7
  3670 | D:6      | Found a radiant altar of Vehumet.
  3748 | D:6      | Reached XP level 8. HP: 38/60 MP: 4/8
  3958 | D:6      | Found a sacrificial altar of Ru.
  4064 | D:6      | Reached skill level 5 in Shields
  4072 | D:6      | Gained mutation: Your magical capacity is low (-10% MP). [mutagenic meat]
  4073 | D:6      | Gained mutation: You have a beak for a mouth. [mutagenic meat]
  4075 | D:6      | Gained mutation: You are clumsy. (Dex -2) [mutagenic meat]
  4076 | D:6      | Gained mutation: You occasionally shout uncontrollably at your foes. [mutagenic meat]
  4193 | D:7      | Noticed Duvessa
  4195 | D:7      | Noticed Dowan
  4215 | D:7      | Reached skill level 5 in Maces & Flails
  4215 | D:7      | Reached skill level 5 in Dodging
  4217 | D:7      | Killed Duvessa
  4225 | D:7      | Killed Dowan
  4229 | D:7      | Gained mutation: You are very clumsy. (Dex -4) [mutagenic meat]
  4230 | D:7      | Gained mutation: You possess an exceptional clarity of mind. [mutagenic meat]
  4233 | D:7      | Gained mutation: Your body sometimes deteriorates upon taking damage. [mutagenic meat]
  4234 | D:7      | Gained mutation: You passively map a small area around you. [mutagenic meat]
  4678 | D:7      | Found a white marble altar of Elyvilon.
  4737 | D:7      | Found a staircase to the Ecumenical Temple.
  4766 | Temple   | Entered the Ecumenical Temple
  4770 | Temple   | Became a worshipper of Qazlal Stormbringer
  4792 | D:7      | Reached skill level 1 in Invocations
  4792 | D:7      | Reached XP level 9. HP: 37/66 MP: 2/9
  4889 | D:7      | Noticed Joseph
  4918 | D:7      | Killed Joseph
  5390 | D:8      | Found a sacrificial altar of Ru.
  5610 | D:8      | Found an iron altar of Okawaru.
  5620 | D:8      | Reached * piety under Qazlal
  5814 | D:8      | Reached skill level 5 in Fighting
  6127 | D:8      | HP: 2/68 [yak (6)]
  6129 | D:8      | Mangled by a yak

Skill      XL: |  1  2  3  4  5  6  7  8  9 |
---------------+----------------------------+-----
Maces & Flails | 2 3 4 5 6 |  6.3
Armour         | 3 4 |  4.5
Shields        | 3 4 5 7 |  7.0
Dodging        | 1 2 4 5 7 |  7.0
Fighting       | 4 5 |  5.1
Invocations    | 1 4 |  4.3

Action                   |  1- 3 |  4- 6 |  7- 9 || total
-------------------------+-------+-------+-------++-------
Melee: Flail             |    79 |    39 |       ||   118
       Mace              |       |    71 |   400 ||   471
       Peck              |       |       |    52 ||    52
  Use: Scroll            |       |     2 |     7 ||     9
       Potion            |       |       |     3 ||     3
  Eat: Chunk             |     1 |     6 |    24 ||    31
Armor: Scale mail        |    25 |    54 |    13 ||    92
       Leather armour    |       |       |   153 ||   153
       Skin              |       |       |     4 ||     4
Dodge: Dodged            |    17 |    43 |   173 ||   233
Block: Shield            |    31 |    79 |   260 ||   370
